 Dungeon Crawl Stone Soup version 0.31-a0-1172-g9944ec47dd (webtiles) character file.

Game seed: 7790743508557896232

2907 backslashecho the Mimic (level 10, -6/81 HPs)
             Began as a Meteoran Shapeshifter on Dec 10, 2023.
             Was a Follower of Wu Jian.
             Mangled by a troll (8 damage)
             ... on level 9 of the Dungeon.
             The game lasted 00:17:09 (4031 turns).

backslashecho the Mimic (Meteoran Shapeshifter)     Turns: 4031, Time: 00:17:10

Health: -6/81      AC:  3    Str: 17    XL:     10   Next: 26%
Magic:  11/11      EV: 16    Int: 11    God:    Wu Jian [*.....]
Gold:   384        SH:  0    Dex: 18    Spells: 9/9 levels left

rFire   . .          .
                       - Unarmed
rCold   . . .        (no shield)
rNeg    . . .        p - melded +4 chain mail "Cyenoih" {rN+ Regen+ Str+5}
rPois   .            (no helmet)
rElec   .            (no cloak)
rCorr   .            (no gloves)
SInv    .            h - +2 pair of boots
Will    +....        (no amulet)
Stlth   +            (no ring)
HPRegen 0.33/turn    (no ring)
MPRegen 0.12/turn

%: no passive effects
@: maw-form, glowing
A: devouring maw, sense surroundings 2, otherworldly, glowing, explore regen
a: Begin Untransformation, Renounce Religion


You were on level 9 of the Dungeon.
You worshipped Wu Jian.
Wu Jian was aware of your devotion.
You were a creature with a mouth for a stomach.
You visited 2 branches of the dungeon, and saw 10 of its levels.

You collected 444 gold pieces.
You spent 60 gold pieces at shops.

Inventory:

Hand Weapons
 o - the +8 mace "Kureelaj" {pain, rPois rC+ Will+}
   (You found it on level 3 of the Dungeon)

   rC+:       It protects you from cold.
   rPois:     It protects you from poison Will+: It increases your willpower.
Missiles
 C - a throwing net
Armour
 a - a +0 animal skin
 h - a +2 pair of boots (worn)
 p - the +4 chain mail "Cyenoih" (melded) {rN+ Regen+ Str+5}
   (You found it on level 3 of the Dungeon)

   Str+5:     It affects your strength (+5).
   rN+:       It protects you from negative energy.
   Regen+:    It increases your rate of health regeneration.
 r - a +0 buckler
 y - a +0 cloak
Jewellery
 w - a ring of positive energy
 A - a ring of flight
Talismans
 c - a beast talisman
 d - a flux talisman
 i - a maw talisman (active)
Wands
 t - a wand of iceblast (3) (quivered)
 B - a wand of flame (12)
 E - a wand of mindburst (7)
Scrolls
 e - a scroll of noise
 f - 2 scrolls of teleportation
 j - a scroll of silence
 m - a scroll of butterflies
 n - a scroll of amnesia
 q - a scroll of fear
 s - 2 scrolls of identify
 v - 2 scrolls of blinking
 x - a scroll of vulnerability
 z - a scroll of enchant armour
 D - a scroll of revelation {unknown}
Potions
 b - 3 potions of lignification
 g - 4 potions of attraction
 k - 3 potions of curing
 l - 4 potions of heal wounds
 u - a potion of degeneration


   Skills:
 - Level 5.0 Fighting
 + Level 6.6 Dodging
 - Level 5.4 Unarmed Combat
 - Level 12.0 Shapeshifting


You had 9 spell levels left.
You didn't know any spells.
Your spell library contained the following spells:

 Spells                   Type           Power      Damage    Failure   Level
 Sting                    Tmut/Pois      0%         1d3       34%         1
 Poisonous Vapours        Pois/Air       0%         N/A       47%         2
 Ozocubu's Armour         Ice            0%         N/A       71%         3
 Olgreb's Toxic Radiance  Pois           0%         N/A       98%         4
 Metabolic Englaciation   Hex/Ice        0%         N/A       100%        5
 Simulacrum               Ice/Necr       0%         N/A       100%        6


Dungeon Overview and Level Annotations

Branches:
Dungeon (9/15) Zot: 1429   Temple (1/1) D:4 Zot: 559
   Lair: D:8-11         Orc: D:9-12

Altars:
Ashenzari
Cheibriados
Dithmenos
Elyvilon
Fedhas
Gozag
Hepliaklqana
Kikubaaqudgha
Makhleb
Nemelex Xobeh
Okawaru
Ru
Trog
Uskayaw
Vehumet
Wu Jian
Xom
Yredelemnul
Zin
The Shining One

Shops:
D:5 !

Annotations:
D:3 2 transporters


Innate Abilities, Weirdness & Mutations

You are a creature with a mouth for a stomach.
Your midsection houses a second, enormous mouth.
You passively map the area around you.
You are easily found by Zot.
You glow in the dark.
You regain HP and MP as you explore.


Message History

You take 1 damage, and have 63/81 hp.
The yak closely misses you. The yak barely misses you.
You climb upwards.
There is a stone staircase leading down here.
You hit the yak. You bite the yak!
The yak is almost dead.
The yak barely misses you. The yak closely misses you.
You punch the yak!
You kill the yak!
The Council accepts your kill. The yak gores you!
Training target 12.0 for Shapeshifting reached!
Your Dodging skill increases to level 6!
Your Shapeshifting skill increases to level 12!
You take 7 damage, and have 57/81 hp.
You hit the yak.
The yak is lightly wounded.
The yak barely misses you.
You hit the yak. Your bite misses the yak.
The yak is moderately wounded.
The yak gores you.
You take 1 damage, and have 56/81 hp.
You hit the yak but do no damage. You bite the yak!
The yak is heavily wounded.
The yak gores you.
You take 3 damage, and have 53/81 hp.
You hit the yak but do no damage. You bite the yak!
The yak is almost dead.
The yak gores you!
You take 15 damage, and have 38/81 hp.
You hit the yak.
The yak is almost dead.
You punch the yak!
You devour half of the yak!
You feel better.
You kill the yak!
The Council accepts your kill.
You regained 14 hp, and now have 53/81 hp.
No target in view!
You climb downwards.
The yak gores you! The troll bites you. The troll completely misses you.
The troll claws you. The yak gores you. The yak misses you.
The troll bites you!
* * * LOW HITPOINT WARNING * * *
The troll completely misses you. The troll barely misses you.
There is a stone staircase leading up, spattered with blood here.
You take 37 damage, and have 16/81 hp.
MASSIVE DAMAGE!!
The yak closely misses you.
The centaur shoots an arrow.
The arrow hits you.
* * * LOW HITPOINT WARNING * * *
The yak gores you!
* * * LOW HITPOINT WARNING * * *
The troll bites you!
You die...

, * .#..#......... .
#.#...#......#
*#.#.....#....... ..
#.##............ *
,...##.#.............
* ,
,.............##.....
,
.........#..).......,
,
.....Y#.##cY)T......
* ,
..<...#.....W.......,
, , ,
......#....Y.......,*
..##..#............ ,
,
...##...............,
, *
,....................
,
,......#......###....
..............# ....
,...##.........#
,..., , ..
#..........# ,, ,


You could see 2 yaks, a troll and a centaur.

Vanquished Creatures
  3 yaks
  4 steam dragons
  A water moccasin (D:8)
  A sky beast (D:6)
  An ice beast (D:5)
  An orc warrior (D:8)
  An ogre (D:8)
  2 black bears
  3 centaurs
  A kobold brigand (D:8)
  2 phantoms (D:4)
  2 bullfrogs (D:8)
  4 wights (D:8)
  A hound (D:6)
  3 orc priests
  4 jellies
  A sleepcap (D:6)
  3 iguanas
  3 gnolls (D:5)
  6 adders
  2 ufetubi (D:6)
  A dart slug (D:4)
  A worm (D:2)
  8 orcs
  2 ball pythons
  6 endoplasms
  7 giant cockroaches
  6 goblins
  4 hobgoblins
  8 jackals
  11 kobolds
  4 quokkas
  A bat (D:1)
  A frilled lizard (D:1)
  A rat (D:2)
110 creatures vanquished.

Vanquished Creatures (others)
  A human (D:6)
1 creature vanquished.

Grand Total: 111 creatures vanquished

Notes
Turn   | Place    | Note
-------+----------+-------------------------------------------
     0 | D:1      | backslashecho the Meteoran Shapeshifter began the quest for
                  | the Orb.
     0 | D:1      | Reached XP level 1. HP: 16/16 MP: 2/2
    44 | D:1      | Reached XP level 2. HP: 19/23 MP: 3/3
    54 | D:1      | Reached skill level 4 in Shapeshifting
   241 | D:1      | Reached XP level 3. HP: 12/28 MP: 4/4
   503 | D:1      | Glimpsed the power of Zot.
   649 | D:2      | Reached XP level 4. HP: 24/35 MP: 5/5
   918 | D:3      | Reached skill level 5 in Shapeshifting
   929 | D:3      | Found a transporter.
   929 | D:3      | Identified the +8 mace "Kureelaj" {pain, rPois rC+ Will+}
   988 | D:3      | Identified the +4 chain mail "Cyenoih" {rN+ Regen+ Str+5}
  1014 | D:3      | Found a faded altar of an unknown god.
  1041 | D:3      | Found a transporter.
  1278 | D:4      | Found a staircase to the Ecumenical Temple.
  1294 | Temple   | Entered the Ecumenical Temple
  1314 | Temple   | Became a worshipper of the Wu Jian Council
  1381 | D:4      | Reached XP level 5. HP: 40/40 MP: 6/6
  1415 | D:4      | Noticed a phantom
  1434 | D:4      | Reached skill level 5 in Unarmed Combat
  1434 | D:4      | Reached XP level 6. HP: 27/47 MP: 7/7
  1447 | D:4      | Reached skill level 6 in Shapeshifting
  1504 | D:4      | Found a basalt altar of Yredelemnul.
  1514 | D:4      | Reached XP level 7. HP: 53/53 MP: 8/8
  1600 | D:4      | Reached skill level 7 in Shapeshifting
  1640 | D:5      | Entered Level 5 of the Dungeon
  1704 | D:5      | Found Liumnifa's Distillery.
  1712 | D:5      | Bought a potion of heal wounds for 60 gold pieces
  1902 | D:5      | Reached skill level 8 in Shapeshifting
  1902 | D:5      | Reached XP level 8. HP: 63/63 MP: 9/9
  2114 | D:6      | Found a white marble altar of Elyvilon.
  2157 | D:6      | Noticed a steam dragon
  2171 | D:6      | Killed a steam dragon
  2172 | D:6      | Reached skill level 9 in Shapeshifting
  2191 | D:6      | Found a shadowy altar of Dithmenos.
  2194 | D:6      | Found a bloodstained altar of Trog.
  2194 | D:6      | Found a glowing silver altar of Zin.
  2250 | D:6      | Found an ancient bone altar of Kikubaaqudgha.
  2255 | D:6      | Noticed a human
  2257 | D:6      | Killed a human
  2284 | D:6      | Found a shimmering altar of Xom.
  2350 | D:6      | Reached skill level 5 in Fighting
  2350 | D:6      | Gained mutation: You passively map the area around you.
                  | [Meteoran growth]
  2350 | D:6      | Reached XP level 9. HP: 52/74 MP: 10/10
  2551 | D:6      | Reached * piety under Wu Jian
  2661 | D:7      | Found a snail-covered altar of Cheibriados.
  3101 | D:7      | Reached skill level 10 in Shapeshifting
  3334 | D:8      | HP: 3/66 [wight/+0 great sword (1)]
  3646 | D:8      | Reached skill level 11 in Shapeshifting
  3921 | D:8      | Reached skill level 5 in Dodging
  3927 | D:8      | Reached XP level 10. HP: 71/81 MP: 11/11
  4023 | D:8      | Reached skill level 12 in Shapeshifting
  4031 | D:9      | HP: 2/81 [yak (9)]
  4031 | D:9      | Mangled by a troll

Illustrated notes

Levels and vault maps discovered:
D:1:      spicycebolla_arrival_clurvy, layout_rooms
D:2:      layout_basic, hex_tiny
D:3:      gammafunk_wand_slinger, layout_basic, mainiacjoe_overflow_alcove_1,
          gammafunk_ghost_nasty_kobolds, dilly_ecumenical_altar_fadedgnrine,
          chequers_arboretum, hangedman_abyss_or_decor_stabs,
          minmay_misc_feat_doors, dk_noncrumbling_4, kennysheep_generic_room_8,
          uniq_crazy_yiuf_cottage
D:4:      layout_basic, kennysheep_mini, minmay_temple_entry_ruins, st_stairs_2
D:5:      layout_gridville, serial_shops, shop, chequers_garden
D:6:      layout_rooms, mainiacjoe_overflow_chevrons, amcnicky_altar_gilded,
          tgw_kikubaaqudgha, grunt_temple_overflow_open, minmay_misc_feat_x,
          nicolae_figureground_sparkle
D:7:      layout_loops_corners, cheibrodos_worm_habitat, nicolae_letterblocks
          [nicolae_letter_subblock, nicolae_letter_subblock,
          nicolae_letter_subblock, nicolae_letter_subblock,
          nicolae_letter_subblock, nicolae_letter_subblock,
          nicolae_letter_subblock, nicolae_letter_subblock,
          nicolae_letter_subblock, nicolae_letter_subblock,
          nicolae_letter_subblock, nicolae_letter_subblock,
          nicolae_letter_subblock, nicolae_letter_subblock,
          nicolae_letter_subblock, nicolae_letter_subblock,
          nicolae_letter_subblock, nicolae_letter_subblock,
          nicolae_letter_subblock, nicolae_letter_subblock,
          nicolae_letter_subblock, nicolae_letter_subblock,
          nicolae_letter_subblock, nicolae_letter_subblock,
          nicolae_letter_subblock]
D:8:      nicolae_cairo_tiling_very_big, layout_basic, grunt_ogre_cave,
          kennysheep_generic_room_6
D:9:      layout_cave_pools, minmay_orc_entry_temple_large, nrook_pool_corridor,
          lightli_orcish_oven
Temple:   nicolae_temple_bog_church

Skill      XL: |  1  2  3  4  5  6  7  8  9 10 |
---------------+-------------------------------+-----
Shapeshifting  | 4 5 6 8 9 11 12 | 12.0
Unarmed Combat | 4 5 |  5.4
Fighting       | 3 5 |  5.0
Dodging        | 5 6 |  6.6

Action                     |  1- 3 |  4- 6 |  7- 9 | 10-12 || total
---------------------------+-------+-------+-------+-------++-------
  Melee: Unarmed           |    71 |    91 |   192 |    36 ||   390
         Punch             |     4 |     2 |     4 |     1 ||    11
         Maw               |       |       |       |     6 ||     6
Ability: Lunge             |       |     1 |    11 |     2 ||    14
         Whirlwind         |       |       |     1 |     5 ||     6
  Evoke: Wand              |       |       |    10 |       ||    10
    Use: Scroll            |       |     3 |     9 |       ||    12
 Armour: Animal skin       |    38 |     6 |       |       ||    44
         Chain mail        |       |    43 |    43 |       ||    86
         Skin              |       |       |    70 |    24 ||    94
  Dodge: Dodged            |    50 |    38 |   152 |    28 ||   268
   Form: Flux              |       |       |     2 |       ||     2
         Beast             |       |       |     1 |       ||     1
         Maw               |       |       |       |     1 ||     1

Table legend: (Time is in decaauts)
 A = Elapsed time spent in this place.
 B = Non-inter-level travel time spent in this place.
 C = Inter-level travel time spent in this place.
 D = Time resting spent in this place.
 E = Time spent auto-exploring this place.
 F = Levels seen in this place.
 G = Mean time per level.
                   A        B        C        D        E       F      G
               +--------+--------+--------+--------+--------+-----+--------+
         Total |   4010 |   3756 |    254 |    207 |   1604 |  10 |  401.0 |
       Dungeon |   3969 |   3754 |    215 |    207 |   1604 |   9 |  441.0 |
        Temple |     40 |      1 |     39 |      0 |      0 |   1 |   40.0 |
               +--------+--------+--------+--------+--------+-----+--------+

Top non-repeatable levels by time:
     D:8: 700 daAuts
     D:7: 678 daAuts
     D:6: 519 daAuts
     D:1: 517 daAuts
     D:5: 441 daAuts
     D:4: 399 daAuts
     D:2: 377 daAuts
     D:3: 299 daAuts
  Temple: 40 daAuts
     D:9: 35 daAuts
